 Dungeon Crawl Stone Soup version 0.25.1-2-g60ff931df9 (webtiles) character file.

Game seed: 8009102161279308961

257 snilloc10 the Ducker (level 6, -2/41 HPs)
             Began as a Human Fire Elementalist on Dec 3, 2020.
             Was an Initiate of Nemelex Xobeh.
             Slain by a worker ant (4 damage)
             ... on level 5 of the Dungeon on Dec 8, 2020.
             The game lasted 00:31:10 (4504 turns).

snilloc10 the Ducker (Human Fire Elementalist)      Turns: 4504, Time: 00:31:10

Health: -2/41      AC:  2    Str:  8    XL:     6   Next: 39%
Magic:  9/9        EV: 15    Int: 16    God:    Nemelex Xobeh [......]
Gold:   134        SH:  0    Dex: 15    Spells: 5/9 levels left

rFire    . . .     SeeInvis +   g - +0 dagger
rCold    . . .     Gourm    .   (no shield)
rNeg     . . .     Faith    .   a - +0 robe
rPois    .         Spirit   .   (no helmet)
rElec    .         Reflect  .   (no cloak)
rCorr    +         Harm     .   (no gloves)
MR       .....                  (no boots)
Stlth    ++........             (no amulet)
HPRegen  0.13/turn              l - ring of resist corrosion
MPRegen  0.11/turn              b - ring of see invisible

@: very slightly contaminated
A: no striking features
a: Draw Escape, Draw Destruction, Draw Summoning, Renounce Religion


You were on level 5 of the Dungeon.
You worshipped Nemelex Xobeh.
Nemelex Xobeh was noncommittal.
You were hungry.

You visited 2 branches of the dungeon, and saw 6 of its levels.

You collected 134 gold pieces.

Inventory:

Hand Weapons
 g - a +0 dagger (weapon)
 p - a +0 hunting sling
 t - a +0 falchion
Missiles
 h - 44 sling bullets (quivered)
Armour
 a - a +0 robe (worn)
Jewellery
 b - a ring of see invisible (right hand)
 l - a ring of resist corrosion (left hand)
Wands
 r - a wand of disintegration (10)
Scrolls
 i - 2 scrolls of fear {unknown}
 m - a scroll of enchant weapon {unknown}
 n - a scroll of magic mapping
 q - a scroll of teleportation {unknown}
Potions
 f - a potion of lignification
 j - a potion of flight {unknown}
 o - a potion of haste {unknown}
Comestibles
 c - 10 rations


   Skills:
 - Level 0.2 Short Blades
 * Level 5.6 Dodging
 - Level 2.0 Stealth
 - Level 2.4 Spellcasting
 - Level 1.6 Conjurations
 - Level 3.3 Fire Magic


You had 5 spell levels left.
You knew the following spells:

 Your Spells              Type           Power        Failure   Level  Hunger
a - Foxfire               Conj/Fire      #...         7%          1    #......
b - Inner Flame           Hex/Fire       #.......     30%         3    ###....

Your spell library contained the following spells:

 Spells                   Type           Power        Failure   Level  Hunger
 Conjure Flame            Conj/Fire      #.......     22%         3    ###....
 Sticky Flame             Conj/Fire      #.......     56%         4    #####..
 Fireball                 Conj/Fire      #.........   89%         5    ######.


Dungeon Overview and Level Annotations

Branches:
Dungeon (6/15)             Temple (1/1) D:6

Altars:
Ashenzari
Dithmenos
Elyvilon
Gozag
Makhleb
Nemelex Xobeh
Qazlal
Sif Muna
Trog
Wu Jian
The Shining One


Message History

The hound zombie barely misses you. The hound zombie closely misses you.
You hit the hound zombie but do no damage.
The hound zombie is moderately damaged.
Found 23 stones.
The worker ant misses you.
The centaur unwields a +0 shortbow.
The centaur closely misses you.
The centaur wields a +0 shortbow.
The centaur shoots an arrow.
The arrow misses you.
The centaur shoots an arrow.
The arrow completely misses you.
The centaur shoots an arrow.
The arrow barely misses you. The worker ant barely misses you.
You see here an arrow.
The frilled lizard unfolds its giant frill.
The centaur shoots an arrow.
The arrow hits you!
* * * LOW HITPOINT WARNING * * *
You see here an arrow.
The worker ant bites you.
You die...
Your body disappears without a glow.

#####..(.....(....
##............
..... ##....(.....
..... #....(..#
#....# #....(.###
......
#....lZ..###......
#.....(.c.........
#....(##.a........
#####
#....#####@.......
#...####...#
#.........
.....#######
#......... ......#
.......... ...(..#
#..........
......#
........##.
.....## #.......##
#...## ##......#
#####


You could see a centaur, a worker ant, a hound zombie and a frilled lizard.

Vanquished Creatures
  A centaur (D:5)
  A hound (D:5)
  2 worker ants
  5 adders
  An ooze (D:2)
  3 worms
  2 dart slugs
  2 leopard geckos (D:1)
  A ball python (D:3)
  3 giant cockroaches
  3 goblins
  3 hobgoblins
  4 jackals (D:3)
  A quokka (D:3)
  2 bats
  4 frilled lizards
  5 kobolds
  A leopard gecko skeleton (D:6)
  4 rats
48 creatures vanquished.

Vanquished Creatures (others)
  94 foxfires
94 creatures vanquished.

Grand Total: 142 creatures vanquished

Notes
Turn   | Place    | Note
-------+----------+-------------------------------------------
     0 | D:1      | snilloc10 the Human Fire Elementalist began the quest for
                  | the Orb.
     0 | D:1      | Reached XP level 1. HP: 13/13 MP: 3/3
   241 | D:1      | Reached XP level 2. HP: 19/19 MP: 1/5
   966 | D:2      | Reached XP level 3. HP: 19/24 MP: 6/6
  1363 | D:1      | Learned a level 3 spell: Inner Flame
  1859 | D:2      | Found a white marble altar of Elyvilon.
  2350 | D:3      | Reached skill level 3 in Dodging
  2350 | D:3      | Reached XP level 4. HP: 30/30 MP: 3/7
  2409 | D:3      | Found a faded altar of an unknown god.
  3096 | D:3      | You fall into a shaft and drop 3 floors!
  3098 | D:6      | Found a staircase to the Ecumenical Temple.
  3114 | Temple   | Entered the Ecumenical Temple
  3174 | Temple   | Became a worshipper of Nemelex Xobeh the Trickster
  3240 | D:6      | Reached skill level 4 in Dodging
  3240 | D:6      | Reached XP level 5. HP: 35/35 MP: 1/8
  3253 | D:5      | Entered Level 5 of the Dungeon
  3253 | D:5      | Received a gift from Nemelex Xobeh
  3974 | D:5      | Noticed a centaur
  3979 | D:5      | Killed a centaur
  3979 | D:5      | Reached skill level 5 in Dodging
  3979 | D:5      | Reached XP level 6. HP: 2/41 MP: 9/9
  4503 | D:5      | HP: 2/41 [centaur/arrow (9)]
  4504 | D:5      | Slain by a worker ant

Illustrated notes

Levels and vault maps discovered:
D:1:      minmay_arrival_cross, layout_basic
D:2:      layout_basic, elyvilon_altar_4, nicolae_overflow_hidden_temple
D:3:      layout_loops_corners, first_ration, chequers_ecumenical_altar_island,
          roderic_lattice_a
D:5:      kennysheep_six_static_rooms, layout_cave_pods, marbit_many_paths,
          kennysheep_little_box, minivault_1, uniq_edmund
D:6:      minmay_inner_zag, layout_rooms, dancing_weapons_uskayaw,
          minmay_temple_entry_steel_oval, uniq_eustachio
Temple:   eino_wide_crystal_templ

Skill      XL: |  1  2  3  4  5 |
---------------+----------------+-----
Dodging        | 3 4 5 |  5.6
Short Blades   | |  0.2
Stealth        | |  2.0
Spellcasting   | |  2.4
Conjurations   | |  1.6
Fire Magic     | |  3.3

Action                   |  1- 3 |  4- 6 || total
-------------------------+-------+-------++-------
Melee: Dagger            |    78 |     5 ||    83
 Fire: Hunting sling     |       |    69 ||    69
 Cast: Foxfire           |    26 |    35 ||    61
       Inner Flame       |     2 |     2 ||     4
Evoke: Wand              |       |     1 ||     1
  Use: Scroll            |     5 |     4 ||     9
       Potion            |       |     4 ||     4
 Stab: Sleeping          |     4 |       ||     4
  Eat: Chunk             |     2 |     6 ||     8
       Ration            |     1 |       ||     1
Armor: Robe              |    13 |     7 ||    20
Dodge: Dodged            |    45 |    53 ||    98
